[ PARTIDA AOE2 · #495982754 ]
UnrankedMongoles vs Lithuanians
Equipo del jugador · DERR
Equipo rival · VICT
[ ANÁLISIS DE REPETICIÓN · EXTRAÍDO DE LA PARTIDA GRABADA ]
Feudal
8:27
Castillos
21:58
Imperial
—
| APM promedio | 81.5 |
| APM pico | 123 |
| eAPM promedio | 42.2 |
| Aldeanos / militares | 111 / 52 |
Foco
⚔️ 45.4% · 🌾 54.6%
Mangudai ×24 · Archer ×17 · Mangonel ×6 · Spearman ×5
Feudal
8:52
Castillos
21:23
Imperial
—
| APM promedio | 48.0 |
| APM pico | 89 |
| eAPM promedio | 19.7 |
| Aldeanos / militares | 99 / 60 |
Foco
⚔️ 35.4% · 🌾 64.6%
Cavalry Archer ×42 · Skirmisher ×13 · Scout Cavalry ×3 · Monk ×2
Mapa de la partida
Recursos iniciales + cada clic de construcción. Líneas = muros · curvas = relieve. ◆ oro · ⬟ piedra · ● bayas · ✦ reliquia · ◌ hueco del cierre
Tu base· Abierta — flanco sin cerrar
Base de うーぺー· Abierta — flanco sin cerrar
Terreno inicial suavizado · ◌ = hueco del cierre detectado · pasá el cursor para detalles
Inputs por minuto
— HK | El Chairo - - うーぺー
Build order — HK | El Chairo
Primeras 150 de 231 acciones detectadas
| 0:00 | Crear | Villager (Male) |
| 0:01 | Crear | Villager (Male) |
| 0:02 | Construir | House |
| 0:03 | Construir | House |
| 0:05 | Crear | Villager (Male) |
| 0:05 | Crear | Villager (Male) |
| 1:30 | Crear | Villager (Male) |
| 1:47 | Construir | Lumber Camp |
| 2:04 | Crear | Villager (Male) |
| 2:05 | Crear | Villager (Male) |
| 2:06 | Crear | Villager (Male) |
| 2:46 | Crear | Villager (Male) |
| 3:03 | Crear | Villager (Male) |
| 3:34 | Construir | House |
| 3:38 | Crear | Villager (Male) |
| 3:58 | Construir | House |
| 4:02 | Construir | House |
| 4:12 | Crear | Villager (Male) |
| 4:14 | Crear | Villager (Male) |
| 4:14 | Crear | Villager (Male) |
| 4:23 | Crear | Villager (Male) |
| 4:38 | Crear | Villager (Male) |
| 5:04 | Construir | Mill |
| 5:13 | Crear | Villager (Male) |
| 5:13 | Crear | Villager (Male) |
| 5:33 | Crear | Villager (Male) |
| 5:39 | Investigar | Loom |
| 6:12 | Investigar | Feudal Age |
| 6:13 | Investigar | Feudal Age |
| 6:43 | Construir | Mining Camp |
| 7:04 | Crear | Villager (Male) |
| 7:34 | Construir | Barracks |
| 7:40 | Crear | Villager (Male) |
| 8:05 | Construir | House |
| 8:07 | Construir | House |
| 8:23 | Crear | Villager (Male) |
| 8:27 | Edad | Edad Feudal |
| 8:30 | Construir | Archery Range |
| 8:35 | Crear | Villager (Male) |
| 8:49 | Crear | Spearman |
| 8:54 | Crear | Villager (Male) |
| 9:09 | Crear | Spearman |
| 9:12 | Crear | Archer |
| 9:17 | Crear | Villager (Male) |
| 9:26 | Crear | Spearman |
| 9:34 | Crear | Archer |
| 9:46 | Construir | Palisade Wall |
| 9:53 | Construir | House |
| 9:55 | Construir | House |
| 10:14 | Crear | Villager (Male) |
| 10:15 | Crear | Villager (Male) |
| 10:24 | Crear | Archer |
| 10:29 | Crear | Spearman |
| 10:34 | Construir | Farm |
| 10:35 | Construir | Farm |
| 10:42 | Crear | Archer |
| 10:44 | Crear | Villager (Male) |
| 10:54 | Crear | Archer |
| 11:00 | Construir | House |
| 11:02 | Construir | Palisade Wall |
| 11:14 | Construir | Farm |
| 11:15 | Crear | Villager (Male) |
| 11:16 | Crear | Villager (Male) |
| 11:21 | Crear | Archer |
| 11:37 | Crear | Villager (Male) |
| 11:38 | Crear | Archer |
| 11:47 | Crear | Villager (Male) |
| 12:10 | Investigar | Double-Bit Axe |
| 12:10 | Crear | Villager (Male) |
| 12:16 | Crear | Archer |
| 12:25 | Crear | Villager (Male) |
| 12:32 | Construir | Farm |
| 12:34 | Construir | Farm |
| 13:15 | Crear | Archer |
| 13:17 | Crear | Villager (Male) |
| 13:19 | Construir | House |
| 13:20 | Construir | House |
| 13:20 | Crear | Villager (Male) |
| 13:22 | Construir | Farm |
| 13:25 | Construir | House |
| 13:30 | Crear | Archer |
| 13:33 | Construir | House |
| 13:37 | Crear | Villager (Male) |
| 13:48 | Construir | Blacksmith |
| 13:52 | Crear | Villager (Male) |
| 14:01 | Construir | Farm |
| 14:05 | Crear | Villager (Male) |
| 14:12 | Construir | Palisade Wall |
| 14:16 | Crear | Archer |
| 14:23 | Construir | Farm |
| 14:23 | Crear | Villager (Male) |
| 14:40 | Investigar | Fletching |
| 14:50 | Crear | Spearman |
| 14:53 | Construir | Palisade Wall |
| 14:58 | Crear | Archer |
| 15:11 | Construir | Farm |
| 15:13 | Crear | Villager (Male) |
| 15:44 | Crear | Villager (Male) |
| 15:48 | Crear | Archer |
| 15:51 | Crear | Villager (Male) |
| 15:53 | Construir | Farm |
| 15:55 | Crear | Villager (Male) |
| 15:55 | Crear | Villager (Male) |
| 16:03 | Construir | Mill |
| 16:05 | Crear | Archer |
| 16:08 | Crear | Villager (Male) |
| 16:21 | Construir | Farm |
| 16:21 | Crear | Villager (Male) |
| 16:23 | Construir | Farm |
| 16:25 | Crear | Archer |
| 16:28 | Investigar | Padded Archer Armor |
| 16:29 | Crear | Villager (Male) |
| 16:33 | Crear | Villager (Male) |
| 16:36 | Construir | House |
| 16:49 | Crear | Villager (Male) |
| 16:51 | Construir | Farm |
| 16:58 | Crear | Archer |
| 17:01 | Crear | Villager (Male) |
| 17:11 | Crear | Villager (Male) |
| 17:14 | Construir | Farm |
| 17:39 | Crear | Villager (Male) |
| 18:00 | Crear | Archer |
| 18:14 | Crear | Villager (Male) |
| 18:26 | Construir | Market |
| 18:39 | Crear | Villager (Male) |
| 18:51 | Construir | Mining Camp |
| 19:18 | Investigar | Castle Age |
| 19:27 | Crear | Villager (Male) |
| 19:32 | Investigar | Gold Mining |
| 19:36 | Construir | Lumber Camp |
| 19:55 | Construir | House |
| 20:06 | Crear | Villager (Male) |
| 20:21 | Construir | Lumber Camp |
| 20:30 | Construir | Farm |
| 20:33 | Investigar | Horse Collar |
| 21:35 | Crear | Villager (Male) |
| 21:58 | Edad | Edad de los Castillos |
| 22:05 | Construir | Town Center |
| 22:21 | Construir | Castle |
| 22:21 | Crear | Villager (Male) |
| 22:32 | Construir | Siege Workshop |
| 22:34 | Crear | Villager (Male) |
| 22:46 | Construir | House |
| 22:46 | Construir | House |
| 22:49 | Crear | Villager (Male) |
| 22:52 | Construir | Farm |
| 23:06 | Investigar | Bodkin Arrow |
| 23:07 | Investigar | Bodkin Arrow |
| 23:09 | Investigar | Bow Saw |
| 23:25 | Crear | Villager (Male) |
Build order — うーぺー
Primeras 150 de 256 acciones detectadas
| 0:00 | Crear | Villager (Male) |
| 0:00 | Crear | Villager (Male) |
| 0:01 | Crear | Villager (Male) |
| 0:01 | Crear | Villager (Male) |
| 0:01 | Crear | Villager (Male) |
| 0:03 | Construir | House |
| 0:04 | Construir | House |
| 0:18 | Crear | Villager (Male) |
| 0:18 | Crear | Villager (Male) |
| 1:26 | Crear | Villager (Male) |
| 1:26 | Crear | Villager (Male) |
| 1:32 | Construir | Mill |
| 2:05 | Crear | Villager (Male) |
| 2:31 | Crear | Villager (Male) |
| 2:55 | Crear | Villager (Male) |
| 2:55 | Crear | Villager (Male) |
| 3:21 | Crear | Villager (Male) |
| 3:21 | Crear | Villager (Male) |
| 3:32 | Crear | Villager (Male) |
| 3:52 | Construir | House |
| 4:24 | Crear | Villager (Male) |
| 4:25 | Crear | Villager (Male) |
| 5:08 | Crear | Villager (Male) |
| 5:26 | Crear | Villager (Male) |
| 5:27 | Investigar | Loom |
| 5:31 | Construir | Lumber Camp |
| 6:36 | Investigar | Feudal Age |
| 6:36 | Investigar | Feudal Age |
| 7:08 | Construir | House |
| 7:23 | Construir | Barracks |
| 7:49 | Crear | Villager (Male) |
| 8:25 | Crear | Villager (Male) |
| 8:52 | Edad | Edad Feudal |
| 8:55 | Crear | Villager (Male) |
| 8:58 | Construir | Stable |
| 9:07 | Investigar | Town Watch |
| 9:07 | Investigar | Double-Bit Axe |
| 9:08 | Investigar | Double-Bit Axe |
| 9:08 | Investigar | Horse Collar |
| 9:08 | Investigar | Horse Collar |
| 9:21 | Crear | Villager (Male) |
| 9:53 | Crear | Villager (Male) |
| 9:54 | Crear | Villager (Male) |
| 10:02 | Construir | House |
| 10:05 | Crear | Scout Cavalry |
| 10:08 | Construir | Mill |
| 10:14 | Crear | Villager (Male) |
| 10:25 | Construir | House |
| 10:33 | Crear | Scout Cavalry |
| 10:41 | Construir | Archery Range |
| 10:51 | Crear | Scout Cavalry |
| 10:58 | Construir | Farm |
| 11:20 | Crear | Villager (Male) |
| 11:24 | Construir | Farm |
| 11:34 | Crear | Villager (Male) |
| 11:39 | Crear | Skirmisher |
| 11:49 | Crear | Villager (Male) |
| 11:53 | Crear | Skirmisher |
| 11:57 | Crear | Skirmisher |
| 12:11 | Construir | Farm |
| 12:14 | Construir | House |
| 12:31 | Construir | Farm |
| 12:33 | Construir | Farm |
| 12:43 | Crear | Villager (Male) |
| 12:55 | Crear | Skirmisher |
| 12:59 | Crear | Skirmisher |
| 13:12 | Crear | Skirmisher |
| 13:17 | Crear | Villager (Male) |
| 13:17 | Crear | Villager (Male) |
| 13:19 | Construir | Farm |
| 13:36 | Construir | House |
| 13:37 | Construir | Palisade Wall |
| 13:40 | Crear | Villager (Male) |
| 13:41 | Crear | Villager (Male) |
| 13:46 | Crear | Villager (Male) |
| 13:46 | Crear | Villager (Male) |
| 13:48 | Construir | House |
| 13:51 | Construir | Palisade Wall |
| 13:57 | Construir | Farm |
| 13:59 | Construir | Farm |
| 14:08 | Crear | Villager (Male) |
| 14:15 | Crear | Villager (Male) |
| 14:20 | Construir | Farm |
| 14:30 | Crear | Villager (Male) |
| 14:54 | Crear | Villager (Male) |
| 14:56 | Construir | Farm |
| 15:10 | Construir | Blacksmith |
| 15:47 | Construir | Mining Camp |
| 15:48 | Crear | Villager (Male) |
| 15:49 | Crear | Villager (Male) |
| 15:50 | Construir | Farm |
| 15:55 | Construir | Farm |
| 16:05 | Construir | Farm |
| 16:16 | Investigar | Fletching |
| 16:17 | Investigar | Fletching |
| 16:21 | Construir | Farm |
| 16:35 | Construir | Farm |
| 16:37 | Crear | Villager (Male) |
| 17:20 | Investigar | Wheelbarrow |
| 17:25 | Crear | Villager (Male) |
| 17:54 | Construir | House |
| 18:01 | Crear | Villager (Male) |
| 18:14 | Construir | Market |
| 18:24 | Crear | Skirmisher |
| 18:36 | Investigar | Padded Archer Armor |
| 18:36 | Investigar | Padded Archer Armor |
| 18:43 | Investigar | Castle Age |
| 18:43 | Investigar | Castle Age |
| 18:51 | Crear | Skirmisher |
| 19:10 | Construir | Lumber Camp |
| 19:15 | Construir | Palisade Wall |
| 19:36 | Crear | Skirmisher |
| 19:47 | Crear | Skirmisher |
| 20:02 | Crear | Skirmisher |
| 20:04 | Investigar | Gold Mining |
| 20:05 | Investigar | Gold Mining |
| 20:19 | Construir | House |
| 20:20 | Construir | House |
| 20:22 | Construir | House |
| 20:24 | Construir | House |
| 20:29 | Crear | Skirmisher |
| 20:30 | Crear | Skirmisher |
| 21:23 | Edad | Edad de los Castillos |
| 21:25 | Construir | House |
| 21:36 | Investigar | Bodkin Arrow |
| 21:37 | Investigar | Bodkin Arrow |
| 21:38 | Investigar | Leather Archer Armor |
| 21:41 | Construir | University |
| 22:06 | Crear | Cavalry Archer |
| 22:10 | Construir | Archery Range |
| 22:13 | Construir | Archery Range |
| 22:21 | Crear | Villager (Male) |
| 22:24 | Crear | Cavalry Archer |
| 22:39 | Investigar | Bow Saw |
| 22:39 | Investigar | Bow Saw |
| 22:44 | Crear | Villager (Male) |
| 22:47 | Crear | Cavalry Archer |
| 22:48 | Crear | Cavalry Archer |
| 23:14 | Crear | Villager (Male) |
| 23:19 | Crear | Cavalry Archer |
| 23:19 | Crear | Cavalry Archer |
| 23:19 | Crear | Cavalry Archer |
| 23:21 | Investigar | Husbandry |
| 23:22 | Investigar | Husbandry |
| 23:34 | Crear | Villager (Male) |
| 23:35 | Crear | Villager (Male) |
| 23:38 | Crear | Cavalry Archer |
| 23:39 | Crear | Cavalry Archer |
| 23:40 | Crear | Villager (Male) |
| 23:40 | Crear | Villager (Male) |
Cronología de la partida
| 7:23 | うーぺー · first_building Barracks |
| 7:34 | HK | El Chairo · first_building Barracks |
| 8:27 | HK | El Chairo · age_up feudal |
| 8:30 | HK | El Chairo · first_building Archery Range |
| 8:52 | うーぺー · age_up feudal |
| 8:58 | うーぺー · first_building Stable |
| 9:46 | HK | El Chairo · wall_segment Palisade Wall x1 |
| 10:41 | うーぺー · first_building Archery Range |
| 11:02 | HK | El Chairo · wall_segment Palisade Wall x9 |
| 13:37 | うーぺー · wall_segment Palisade Wall x5 |
| 13:51 | うーぺー · wall_segment Palisade Wall x1 |
| 14:12 | HK | El Chairo · wall_segment Palisade Wall x13 |
| 14:53 | HK | El Chairo · wall_segment Palisade Wall x1 |
| 18:42 | うーぺー · first_market_sell 100 food |
| 19:15 | うーぺー · wall_segment Palisade Wall x10 |
| 21:23 | うーぺー · age_up castle |
| 21:58 | HK | El Chairo · age_up castle |
| 22:12 | HK | El Chairo · first_market_buy 100 stone |
| 22:21 | HK | El Chairo · first_building Castle |
| 22:32 | HK | El Chairo · first_building Siege Workshop |
| 25:16 | HK | El Chairo · first_market_sell 100 wood |
| 26:54 | うーぺー · first_building Monastery |
| 29:17 | HK | El Chairo · first_building Stable |
| 30:23 | HK | El Chairo · resign |
[ ANÁLISIS IA · 1 CRÉDITO ]
¿Qué pasó realmente en esta partida?
Wolo.gg analiza cada decisión: build order, eco, micro, errores típicos por bracket. Análisis personalizado por WhatsApp o Discord en 30 segundos.
Guía civ
Mongoles
Perfil
HK | El Chairo